 Dungeon Crawl Stone Soup version 0.17.2-1-ge4368a0 (webtiles) character file.

75 rlgrobin the Insei (level 4, -1/35 HPs)
             Began as a Mummy Monk on Apr 18, 2017.
             Slain by an orc wizard
             ... wielding a +0 dagger
              (2 damage)
             ... on level 3 of the Dungeon.
             The game lasted 00:02:31 (2103 turns).

rlgrobin the Insei (Mummy Monk)                     Turns: 2103, Time: 00:02:31

Health: -1/35      AC:  2    Str: 14    XL:     4   Next: 11%
Magic:  4/4        EV: 13    Int:  9    God:
Gold:   106        SH:  0    Dex: 15    Spells: 0 memorised, 3 levels left

rFire  x . .     SeeInvis .       - Unarmed
rCold  + . .     Clarity  .     (no armour)
rNeg   + + +     SustAt   .     (no shield)
rPois  ∞         Gourm    .     (no helmet)
rElec  .         Spirit   .     b - +0 cloak
rCorr  .         Warding  .     c - +0 pair of gloves
rMut   .         Stasis   .     (no boots)
MR     .....                    (no amulet)
Stlth  ++........               (no ring)
                                (no ring)

@: not resistant to hostile enchantments, unstealthy
A: no food or potions, fire vulnerability, cold resistance 1, negative energy
resistance 3, torment resistance, unbreathing
a: no special abilities


You were on level 3 of the Dungeon.
You were not hungry.

You visited 1 branch of the dungeon, and saw 3 of its levels.

You collected 106 gold pieces.


Innate Abilities, Weirdness & Mutations

You do not eat or drink.
Your flesh is vulnerable to fire.
You are immune to poison.
Your flesh is cold resistant.
You are immune to negative energy.
You are immune to unholy pain and torment.
You can survive without breathing.


   Skills:
 - Level 3.0 Fighting
 - Level 2.4 Dodging
 - Level 1.5 Stealth
 + Level 4.7 Unarmed Combat


You had 3 spell levels left.
You didn't know any spells.

Inventory:

Armour
 a - a +0 shield
 b - a +0 cloak (worn)
 c - a +0 pair of gloves (worn)
Scrolls
 d - 2 scrolls of remove curse
 e - a scroll of enchant weapon {unknown}
 f - 3 scrolls of identify {unknown}
 g - a scroll of enchant armour {unknown}

Dungeon Overview and Level Annotations

Branches:
Dungeon (3/15)

Altars:

Annotations:
D:2 Sigmund ...o. oo..

..▒ ▒▒▒ ▒.▒▒▒▒▒▒
..▒▒▒[....▒
▒.▒g▒▒▒▒.▒ ▒...▒
▒..o▒▒▒
▒▒▒▒▒..M▒.▒▒
▒▒▒........▒.▒
........▒.▒.▒▒
▒...▒.▒.▒.▒▒
▒▒▒▒......!...▒ .
.......▒.▒.▒..▒
..▒▒▒▒.....▒.▒..▒
.............▒..▒
......†.▒▒▒▒▒▒..▒


You could see an orc wizard and a hobgoblin.


Message History

You squash the orc priest but do no damage!
The orc priest is heavily wounded!
The orc priest mumbles some strange prayers to Beogh against you!
You are unaffected!
You barely miss the orc priest!
The orc priest is heavily wounded!
The orc priest closely misses you!
You pulverise the orc priest but do no damage!
The orc priest is heavily wounded!
The orc priest barely misses you!
You pummel the orc priest like a punching bag!
You annihilate the orc priest!!!
You have reached level 4!!!
An orc wizard comes into view! It is wielding a dagger!
MP restored: 4 The orc wizard casts a spell!
The orc wizard seems to speed up!
You see here a glowing black potion!
A hobgoblin comes into view!
You pulverise the orc wizard!
The orc wizard is lightly wounded!
The orc wizard hits you with a dagger! * * * don't die
* * * The orc wizard hits you with a dagger! * * * don't die
* * * You take 7 damage, and have 1/35 hp!
You pulverise the orc wizard but do no damage!
The orc wizard is lightly wounded!
The orc wizard hits you with a dagger! rip

Action                   |  1- 3 |  4- 6 || total
-------------------------+-------+-------++-------
Melee: Unarmed           |    96 |     2 ||    98
  Use: Scroll            |     1 |       ||     1
 Stab: Sleeping          |     3 |       ||     3

Vault maps used:
D:1:      minmay_arrival_up_and_down, minmay_crystal_water
D:2:      first_bread, serial_forest, infiniplex_forest_fountain,
          infiniplex_forest_clump_diagonal, infiniplex_forest_end_1,
          infiniplex_forest_clump_medium, infiniplex_forest_lined_room_2,
          infiniplex_forest_clump_small, uniq_crazy_yiuf_cottage, uniq_sigmund,
          uniq_natasha

Notes
Turn   | Place    | Note
--------------------------------------------------------------
     0 | D:1      | rlgrobin the Mummy Monk began the quest for the Orb.
     0 | D:1      | Reached XP level 1. HP: 18/18 MP: 1/1
   294 | D:1      | Reached XP level 2. HP: 24/24 MP: 2/2
   486 | D:2      | Noticed Sigmund
   944 | D:2      | Reached skill level 4 in Unarmed Combat
  1010 | D:2      | Reached XP level 3. HP: 14/29 MP: 3/3
  2098 | D:3      | Reached XP level 4. HP: 8/35 MP: 4/4
  2102 | D:3      | HP: 1/35 [orc wizard/dagger (5)]
  2103 | D:3      | Slain by an orc wizard

Vanquished Creatures
  An orc priest (D:3)
  2 adders (D:2)
  A giant gecko (D:3)
  An orc (D:3)
  2 giant cockroaches
  2 goblins (D:1)
  4 hobgoblins
  A quokka (D:2)
  4 bats
  4 kobolds
  3 rats
25 creatures vanquished.
